Canucks vs Sabres

Created - 11 décembre 2017 at 19:20

Goals
1 2 3 T
Canucks 3 0 0 3
Sabres 1 2 2 5
Shots
1 2 3 T
Canucks 9 3 2 14
Sabres 17 17 8 42

1st period

1. Canucks , Jonathan Marchessault 11 (Mattias Ekholm 13, Adam Henrique 11) at 0:35
2. Canucks , Chris Kreider 9 (Adam Henrique 12, Mattias Ekholm 14) at 2:21 (PP)
3. Canucks , Jonathan Marchessault 12 (Nathan Beaulieu 6, Michael Matheson 6) at 12:41
4. Sabres , Jason Zucker 9 (Dan Girardi 8, Patrick Eaves 7) at 17:09

Penalties :
Josh Bailey (BUF) for Tripping (Minor) at 1:02, Mathew Dumba (BUF) for High sticking (Minor) at 4:09, Cody Ceci (VAN) for Hooking (Minor) at 6:54, Brayden Point (VAN) for Tripping (Minor) at 19:48

2nd period

5. Sabres , Anders Lee 12 (Rasmus Ristolainen 22, Josh Bailey 10) at 14:26 (PP)
6. Sabres , Tyler Myers 3 (Patrick Eaves 8, Jean-Gabriel Pageau 20) at 17:58

Penalties :
Adam Henrique (VAN) for Interference (Minor) at 6:48, Mattias Ekholm (VAN) for Tripping (Minor) at 12:35

3rd period

7. Sabres , Jason Zucker 10 (Kyle Turris 23, Brandon Saad 19) at 15:23
8. Sabres , Brandon Saad 15 (Kyle Turris 24, Nino Niederreiter 18) at 18:09

Penalties :
Cody Ceci (VAN) for Hooking (Minor) at 13:22, Mathew Dumba (BUF) for Tripping (Minor) at 18:17

Goalie Stats

Petr Mrazek (VAN), 37 saves from 42 shots - (0.881), L, 0-1-0, 60:00 minutes
Michael Hutchinson (BUF), 11 saves from 14 shots - (0.786), W, 3-2-0, 60:00 minutes

Players Stats for Canucks

Player Name              G  A  P  +/- PIM S  H  SB GA TA FO     MP     PP MP  PK MP  
------------------------------------------------------------------------------------
Adam Henrique            0  2  2   1  2   0  0  1  0  0  16/32  20:04   1:48   5:16 
Alex Pietrangelo         0  0  0  -2  0   0  3  2  0  0  0/0    27:00   2:57   6:20 
Anthony Beauvillier      0  0  0  -2  0   0  0  0  0  0  1/1     7:59   0:00   0:38 
Brayden Point            0  0  0  -1  2   0  0  0  0  0  4/11   11:05   0:00   0:00 
Chris Kreider            1  0  1   1  0   3  2  0  0  0  1/1    15:21   1:48   0:32 
Cody Ceci                0  0  0  -1  4   0  0  3  0  0  0/0    20:50   2:03   2:16 
Erik Karlsson            0  0  0  -2  0   0  1  0  0  0  0/0    27:00   2:57   6:20 
Evander Kane             0  0  0   0  0   3  3  0  0  0  1/2    23:14   3:12   6:17 
Evgeny Kuznetsov         0  0  0  -1  0   2  0  0  0  0  10/21  16:59   3:12   0:00 
Jonathan Marchessault    2  0  2   1  0   4  0  0  0  0  1/1    14:49   1:48   0:00 
Logan Shaw               0  0  0  -1  0   0  0  0  0  0  0/0    10:17   0:00   2:58 
Marcus Kruger            0  0  0  -1  0   0  0  0  0  0  10/15  10:17   0:00   2:58 
Matt Duchene             0  0  0  -1  0   1  0  1  0  0  1/1    16:59   3:12   0:00 
Mattias Ekholm           0  2  2  -1  2   0  2  0  0  0  0/0    20:52   2:03   2:17 
Michael Matheson         0  1  1   1  0   0  1  0  0  0  0/0    11:21   0:00   0:24 
Nathan Beaulieu          0  1  1   1  0   0  2  0  0  0  0/0    12:54   0:00   1:57 
Robby Fabbri             0  0  0  -1  0   1  0  0  0  0  1/3    12:01   0:00   0:55 
Ryan Strome              0  0  0  -1  0   0  1  0  0  0  1/1    11:06   0:00   0:00 

Players Stats for Sabres

Player Name              G  A  P  +/- PIM S  H  SB GA TA FO     MP     PP MP  PK MP  
------------------------------------------------------------------------------------
Anders Lee               1  0  1  -1  0   4  1  0  0  0  0/1    17:33   4:38   0:00 
Brandon Saad             1  1  2   0  0   4  1  0  0  0  0/1    22:02   5:04   2:05 
Brett Connolly           0  0  0   0  0   1  0  0  0  0  0/0     6:16   0:00   0:00 
Dan Girardi              0  1  1   3  0   0  2  1  0  0  0/0    20:27   0:05   2:28 
Jake McCabe              0  0  0  -1  0   0  4  2  0  0  0/0    16:37   0:00   2:28 
Jason Zucker             2  0  2   3  0   5  2  0  0  0  0/1    11:14   0:05   0:00 
Jean-Gabriel Pageau      0  1  1   3  0   3  0  0  0  0  9/23   14:04   0:00   2:55 
Josh Bailey              0  1  1  -1  2   5  0  0  0  0  1/1    17:32   4:38   0:00 
Kyle Turris              0  2  2   0  0   1  0  0  0  0  14/24  20:02   5:09   0:00 
Markus Hannikainen       0  0  0   0  0   0  0  0  0  0  0/1     6:16   0:00   0:00 
Mathew Dumba             0  0  0  -1  4   1  2  0  0  0  0/0    18:44   4:37   0:00 
Nino Niederreiter        0  1  1   0  0   5  2  0  0  0  1/1    19:57   5:04   0:00 
Patrick Eaves            0  2  2   3  0   2  0  0  0  0  0/1    11:14   0:05   0:00 
Rasmus Ristolainen       0  1  1   3  0   6  0  0  0  0  0/0    25:08   4:42   2:32 
Ryan Murray              0  0  0   0  0   0  0  1  0  0  0/0    18:15   5:05   0:00 
Ryan Nugent-Hopkins      0  0  0  -1  0   1  0  0  0  0  14/27  19:38   4:38   2:05 
Tyler Myers              1  0  1   0  0   4  0  0  0  0  0/0    20:47   5:05   2:32 
Zach Hyman               0  0  0   0  0   0  1  1  0  0  3/8     9:11   0:00   2:55 

3 Stars

1 - Jason Zucker (BUF)
2 - Jonathan Marchessault (VAN)
3 - Patrick Eaves (BUF)

Power Play

Canucks - 1 on 3 Attempt(s) - 33.33%
Sabres - 1 on 5 Attempt(s) - 20.00%

Penalty Kill

Canucks - 4 on 5 Attempt(s) - 80.00% - Score 0 goal in Penalty Kill
Sabres - 2 on 3 Attempt(s) - 66.67% - Score 0 goal in Penalty Kill

Team Stat

Canucks - Hits : 15 - Faceoff Wins : 47 - Blocked Shots : 7 - Penalty Minutes : 10
Sabres - Hits : 15 - Faceoff Wins : 42 - Blocked Shots : 5 - Penalty Minutes : 6

Official

Referees : Dennis LaRue and Wes McCauley
Linesman : Derek Amell and Devin Berg

Game Notes

No Game Note

Finance

Level 1 -- Attendance: 6500 (100.00%) -- Ticket Income 650 000 $
Level 2 -- Attendance: 5000 (100.00%) -- Ticket Income 375 000 $
Level 3 -- Attendance: 3104 (88.69%) -- Ticket Income 155 200 $
Level 4 -- Attendance: 2848 (92.77%) -- Ticket Income 71 200 $
Luxury Box -- Attendance: 675 (67.50%) -- Ticket Income 168 750 $
Game was played at the First Niagara Center.
Total Attendance: 18127 (95.06%)
Total Ticket Income: 1 420 150 $
Other Income: 213 022 $
Total Income: 1 633 172 $

% Time on Ice - Canucks

Lines # - Real PCT - Wanted PCT - Time Play
Normal Forward
1 - 30% - 37% - 13:47
2 - 29% - 30% - 13:01
3 - 25% - 20% - 11:06
4 - 16% - 13% - 7:19
Normal Defense
1 - 39% - 40% - 17:43
2 - 37% - 35% - 16:33
3 - 24% - 25% - 10:57
4 - 0% - 0% - 0:00
PP Forward
1 - 64% - 60% - 3:12
2 - 36% - 40% - 1:48
PP Defense
1 - 59% - 60% - 2:57
2 - 41% - 40% - 2:03
PK Forward
1 - 70% - 60% - 6:49
2 - 30% - 40% - 2:58
PK Defense
1 - 65% - 60% - 6:20
2 - 35% - 40% - 3:27
PK3 Forward
1 - 0% - 60%
2 - 0% - 40%
PK3 Defense
1 - 0% - 60%
2 - 0% - 40%
44 Forward
1 - 0% - 60%
2 - 0% - 40%
44 Defense
1 - 0% - 60%
2 - 0% - 40%
Last Minute Offensive  - 0:00
Last Minute Defensive  - 0:00
Total
Forward - 60:00
Defense - 60:00

% Time on Ice - Sabres

Lines # - Real PCT - Wanted PCT - Time Play
Normal Forward
1 - 33% - 40% - 14:53
2 - 29% - 30% - 12:55
3 - 25% - 25% - 11:09
4 - 14% - 5% - 6:16
Normal Defense
1 - 37% - 40% - 16:47
2 - 31% - 30% - 14:09
3 - 29% - 20% - 13:10
4 - 2% - 10% - 1:07
PP Forward
1 - 53% - 60% - 5:09
2 - 47% - 40% - 4:38
PP Defense
1 - 48% - 60% - 4:42
2 - 52% - 40% - 5:05
PK Forward
1 - 58% - 60% - 2:55
2 - 42% - 40% - 2:05
PK Defense
1 - 49% - 60% - 2:28
2 - 51% - 40% - 2:32
PK3 Forward
1 - 0% - 60%
2 - 0% - 40%
PK3 Defense
1 - 0% - 60%
2 - 0% - 40%
44 Forward
1 - 0% - 60%
2 - 0% - 40%
44 Defense
1 - 0% - 60%
2 - 0% - 40%
Last Minute Offensive  - 0:00
Last Minute Defensive  - 0:00
Total
Forward - 60:00
Defense - 60:00

Play by Play

1st period


0:01 of 1st period - Kyle Turris wins face-off versus Evgeny Kuznetsov in neutral zone.
0:21 of 1st period - Shot by Brandon Saad.
0:21 of 1st period - Stopped by Petr Mrazek without a rebound.
0:22 of 1st period - Adam Henrique wins face-off versus Ryan Nugent-Hopkins in Canucks zone.
0:35 of 1st period - Shot by Jonathan Marchessault.
0:35 of 1st period - Goal by Jonathan Marchessault - Canucks : 1 - Sabres : 0.
0:36 of 1st period - Brayden Point wins face-off versus Jean-Gabriel Pageau in neutral zone.
0:56 of 1st period - Shot by Jason Zucker.
0:56 of 1st period - Stopped by Petr Mrazek with a rebound.
0:58 of 1st period - Shot by Patrick Eaves.
0:58 of 1st period - Stopped by Petr Mrazek without a rebound.
0:59 of 1st period - Marcus Kruger wins face-off versus Ryan Nugent-Hopkins in Canucks zone.
0:59 of 1st period - Marcus Kruger is hit by Anders Lee.
1:02 of 1st period - Minor Penalty to Josh Bailey for Tripping.
1:03 of 1st period - Evgeny Kuznetsov wins face-off versus Jean-Gabriel Pageau in Sabres zone.
1:14 of 1st period - Icing by Erik Karlsson.
1:15 of 1st period - Evgeny Kuznetsov wins face-off versus Jean-Gabriel Pageau in Canucks zone.
1:48 of 1st period - Matt Duchene is hit by Jake McCabe and loses puck.
2:21 of 1st period - Shot by Chris Kreider.
2:21 of 1st period - Goal by Chris Kreider - Canucks : 2 - Sabres : 0.
2:22 of 1st period - Marcus Kruger wins face-off versus Kyle Turris in neutral zone.
2:27 of 1st period - Shot by Logan Shaw.
2:27 of 1st period - Shot Hit the Post.
2:30 of 1st period - Icing by Mathew Dumba.
2:31 of 1st period - Adam Henrique wins face-off versus Kyle Turris in Sabres zone.
2:48 of 1st period - Shot by Nino Niederreiter.
2:48 of 1st period - Shot Blocked by Cody Ceci.
2:50 of 1st period - Shot by Brandon Saad.
2:50 of 1st period - Stopped by Petr Mrazek without a rebound.
2:51 of 1st period - Josh Bailey wins face-off versus Brayden Point in Canucks zone.
3:18 of 1st period - Shot by Ryan Nugent-Hopkins.
3:18 of 1st period - Stopped by Petr Mrazek without a rebound.
3:19 of 1st period - Evgeny Kuznetsov wins face-off versus Jean-Gabriel Pageau in Canucks zone.
3:30 of 1st period - Shot by Jason Zucker.
3:30 of 1st period - Stopped by Petr Mrazek without a rebound.
3:31 of 1st period - Kyle Turris wins face-off versus Adam Henrique in Canucks zone.
3:32 of 1st period - Shot by Nino Niederreiter.
3:32 of 1st period - Deflect By Kyle Turris.
3:32 of 1st period - Shot Misses the Net.
3:45 of 1st period - Shot by Chris Kreider.
3:45 of 1st period - Shot Misses the Net.
4:02 of 1st period - Chris Kreider is hit by Mathew Dumba and loses puck.
4:09 of 1st period - Minor Penalty to Mathew Dumba for High sticking.
4:10 of 1st period - Evgeny Kuznetsov wins face-off versus Jean-Gabriel Pageau in Sabres zone.
4:11 of 1st period - Shot by Matt Duchene.
4:11 of 1st period - Stopped by Michael Hutchinson without a rebound.
4:12 of 1st period - Evgeny Kuznetsov wins face-off versus Jean-Gabriel Pageau in Sabres zone.
4:48 of 1st period - Dan Girardi is hit by Evander Kane.
5:24 of 1st period - Shot by Erik Karlsson.
5:24 of 1st period - Shot Misses the Net.
5:26 of 1st period - Shot by Erik Karlsson.
5:26 of 1st period - Shot Hit the Post.
5:28 of 1st period - Shot by Chris Kreider.
5:28 of 1st period - Stopped by Michael Hutchinson without a rebound.
5:29 of 1st period - Evgeny Kuznetsov wins face-off versus Ryan Nugent-Hopkins in Sabres zone.
6:03 of 1st period - Off-side.
6:04 of 1st period - Adam Henrique wins face-off versus Jean-Gabriel Pageau in neutral zone.
6:07 of 1st period - Shot by Jonathan Marchessault.
6:07 of 1st period - Shot Misses the Net.
6:19 of 1st period - Shot by Anders Lee.
6:19 of 1st period - Stopped by Petr Mrazek without a rebound.
6:20 of 1st period - Adam Henrique wins face-off versus Jean-Gabriel Pageau in Canucks zone.
6:28 of 1st period - Icing by Jake McCabe.
6:29 of 1st period - Ryan Strome wins face-off versus Jason Zucker in Sabres zone.
6:30 of 1st period - Shot by Robby Fabbri.
6:30 of 1st period - Stopped by Michael Hutchinson without a rebound.
6:31 of 1st period - Jonathan Marchessault wins face-off versus Kyle Turris in Sabres zone.
6:52 of 1st period - Mattias Ekholm is hit by Brandon Saad and loses puck.
6:54 of 1st period - Minor Penalty to Cody Ceci for Hooking.
6:55 of 1st period - Adam Henrique wins face-off versus Ryan Nugent-Hopkins in Canucks zone.
7:30 of 1st period - Shot by Josh Bailey.
7:30 of 1st period - Stopped by Petr Mrazek without a rebound.
7:31 of 1st period - Kyle Turris wins face-off versus Adam Henrique in Canucks zone.
7:34 of 1st period - Shot by Rasmus Ristolainen.
7:34 of 1st period - Stopped by Petr Mrazek without a rebound.
7:35 of 1st period - Nino Niederreiter wins face-off versus Adam Henrique in Canucks zone.
7:38 of 1st period - Shot by Kyle Turris.
7:38 of 1st period - Stopped by Petr Mrazek without a rebound.
7:39 of 1st period - Kyle Turris wins face-off versus Adam Henrique in Canucks zone.
7:42 of 1st period - Shot by Nino Niederreiter.
7:42 of 1st period - Stopped by Petr Mrazek without a rebound.
7:43 of 1st period - Kyle Turris wins face-off versus Adam Henrique in Canucks zone.
8:11 of 1st period - Kyle Turris is hit by Alex Pietrangelo and loses puck.
8:14 of 1st period - Shot by Mathew Dumba.
8:14 of 1st period - Shot Misses the Net.
8:16 of 1st period - Shot by Rasmus Ristolainen.
8:16 of 1st period - Shot Misses the Net.
8:18 of 1st period - Shot by Brandon Saad.
8:18 of 1st period - Shot Misses the Net.
8:20 of 1st period - Shot by Rasmus Ristolainen.
8:20 of 1st period - Shot Misses the Net.
8:22 of 1st period - Shot by Brandon Saad.
8:22 of 1st period - Deflect By Kyle Turris.
8:22 of 1st period - Shot Misses the Net.
8:44 of 1st period - Shot by Josh Bailey.
8:44 of 1st period - Stopped by Petr Mrazek without a rebound.
8:45 of 1st period - Ryan Nugent-Hopkins wins face-off versus Marcus Kruger in Canucks zone.
9:06 of 1st period - Shot by Patrick Eaves.
9:06 of 1st period - Shot Misses the Net.
9:08 of 1st period - Shot by Rasmus Ristolainen.
9:08 of 1st period - Stopped by Petr Mrazek without a rebound.
9:09 of 1st period - Zach Hyman wins face-off versus Marcus Kruger in Canucks zone.
10:25 of 1st period - Shot by Brandon Saad.
10:25 of 1st period - Shot Misses the Net.
10:28 of 1st period - Icing by Mattias Ekholm.
10:29 of 1st period - Ryan Nugent-Hopkins wins face-off versus Brayden Point in Canucks zone.
12:07 of 1st period - Icing by Evander Kane.
12:08 of 1st period - Kyle Turris wins face-off versus Evgeny Kuznetsov in Canucks zone.
12:29 of 1st period - Shot by Brandon Saad.
12:29 of 1st period - Shot Misses the Net.
12:41 of 1st period - Shot by Jonathan Marchessault.
12:41 of 1st period - Goal by Jonathan Marchessault - Canucks : 3 - Sabres : 0.
12:42 of 1st period - Marcus Kruger wins face-off versus Patrick Eaves in neutral zone.
13:50 of 1st period - Shot by Chris Kreider.
13:50 of 1st period - Stopped by Michael Hutchinson without a rebound.
13:51 of 1st period - Kyle Turris wins face-off versus Brayden Point in Sabres zone.
14:21 of 1st period - Shot by Robby Fabbri.
14:21 of 1st period - Deflect By Brayden Point.
14:21 of 1st period - Shot Blocked by Ryan Murray.
15:01 of 1st period - Shot by Matt Duchene.
15:01 of 1st period - Shot Blocked by Jake McCabe.
15:15 of 1st period - Shot by Ryan Nugent-Hopkins.
15:15 of 1st period - Shot Blocked by Matt Duchene.
15:17 of 1st period - Shot by Josh Bailey.
15:17 of 1st period - Stopped by Petr Mrazek without a rebound.
15:18 of 1st period - Adam Henrique wins face-off versus Zach Hyman in Canucks zone.
15:39 of 1st period - Shot by Chris Kreider.
15:39 of 1st period - Deflect By Jonathan Marchessault.
15:39 of 1st period - Stopped by Michael Hutchinson without a rebound.
15:40 of 1st period - Marcus Kruger wins face-off versus Ryan Nugent-Hopkins in Sabres zone.
15:40 of 1st period - Erik Karlsson is hit by Jake McCabe.
16:25 of 1st period - Ryan Nugent-Hopkins is hit by Evander Kane and loses puck.
16:30 of 1st period - Shot by Evander Kane.
16:30 of 1st period - Stopped by Michael Hutchinson without a rebound.
16:31 of 1st period - Jean-Gabriel Pageau wins face-off versus Adam Henrique in Sabres zone.
16:31 of 1st period - Jean-Gabriel Pageau is hit by Chris Kreider.
16:47 of 1st period - Shot by Jean-Gabriel Pageau.
16:47 of 1st period - Shot Misses the Net.
17:09 of 1st period - Shot by Jason Zucker.
17:09 of 1st period - Goal by Jason Zucker - Canucks : 3 - Sabres : 1.
17:10 of 1st period - Evander Kane wins face-off versus Kyle Turris in neutral zone.
17:20 of 1st period - Icing by Ryan Murray.
17:21 of 1st period - Brayden Point wins face-off versus Kyle Turris in Sabres zone.
17:54 of 1st period - Off-side.
17:55 of 1st period - Ryan Nugent-Hopkins wins face-off versus Evgeny Kuznetsov in neutral zone.
18:26 of 1st period - Shot by Evander Kane.
18:26 of 1st period - Shot Blocked by Dan Girardi.
18:32 of 1st period - Shot by Matt Duchene.
18:32 of 1st period - Shot Misses the Net.
19:48 of 1st period - Minor Penalty to Brayden Point for Tripping.
19:49 of 1st period - Kyle Turris wins face-off versus Robby Fabbri in Canucks zone.
19:50 of 1st period - Shot by Tyler Myers.
19:50 of 1st period - Stopped by Petr Mrazek without a rebound.
19:51 of 1st period - Kyle Turris wins face-off versus Adam Henrique in Canucks zone.
19:57 of 1st period - Shot by Tyler Myers.
19:57 of 1st period - Stopped by Petr Mrazek without a rebound.
19:58 of 1st period - Ryan Nugent-Hopkins wins face-off versus Adam Henrique in Canucks zone.
Goals for this period are 3 for Canucks vs 1 for Sabres.
Shots for this period are 9 for Canucks vs 17 for Sabres.

2nd period


0:01 of 2nd period - Kyle Turris wins face-off versus Adam Henrique in neutral zone.
1:08 of 2nd period - Shot by Anders Lee.
1:08 of 2nd period - Stopped by Petr Mrazek with a rebound.
1:28 of 2nd period - Shot by Ryan Nugent-Hopkins.
1:28 of 2nd period - Shot Blocked by Alex Pietrangelo.
1:30 of 2nd period - Shot by Tyler Myers.
1:30 of 2nd period - Deflect By Anders Lee.
1:30 of 2nd period - Shot Misses the Net.
1:48 of 2nd period - Patrick Eaves is hit by Ryan Strome and loses puck.
1:55 of 2nd period - Shot by Brett Connolly.
1:55 of 2nd period - Stopped by Petr Mrazek without a rebound.
1:56 of 2nd period - Jean-Gabriel Pageau wins face-off versus Brayden Point in Canucks zone.
2:21 of 2nd period - Icing by Mattias Ekholm.
2:22 of 2nd period - Zach Hyman wins face-off versus Brayden Point in Canucks zone.
2:51 of 2nd period - Dan Girardi is hit by Evander Kane and loses puck.
3:06 of 2nd period - Shot by Evander Kane.
3:06 of 2nd period - Stopped by Michael Hutchinson without a rebound.
3:07 of 2nd period - Adam Henrique wins face-off versus Kyle Turris in Sabres zone.
3:40 of 2nd period - Shot by Nino Niederreiter.
3:40 of 2nd period - Stopped by Petr Mrazek without a rebound.
3:41 of 2nd period - Ryan Nugent-Hopkins wins face-off versus Evgeny Kuznetsov in Canucks zone.
3:52 of 2nd period - Shot by Josh Bailey.
3:52 of 2nd period - Shot Misses the Net.
4:08 of 2nd period - Shot by Evander Kane.
4:08 of 2nd period - Stopped by Michael Hutchinson without a rebound.
4:09 of 2nd period - Marcus Kruger wins face-off versus Jean-Gabriel Pageau in Sabres zone.
4:12 of 2nd period - Shot by Anthony Beauvillier.
4:12 of 2nd period - Shot Misses the Net.
4:18 of 2nd period - Alex Pietrangelo is hit by Jason Zucker and loses puck.
4:23 of 2nd period - Shot by Patrick Eaves.
4:23 of 2nd period - Shot Misses the Net.
5:50 of 2nd period - Icing by Cody Ceci.
5:51 of 2nd period - Ryan Nugent-Hopkins wins face-off versus Evgeny Kuznetsov in Canucks zone.
5:55 of 2nd period - Icing by Evander Kane.
5:56 of 2nd period - Ryan Nugent-Hopkins wins face-off versus Evgeny Kuznetsov in Canucks zone.
6:29 of 2nd period - Shot by Mathew Dumba.
6:29 of 2nd period - Shot Misses the Net.
6:48 of 2nd period - Minor Penalty to Adam Henrique for Interference.
6:49 of 2nd period - Robby Fabbri wins face-off versus Kyle Turris in Canucks zone.
7:53 of 2nd period - Shot by Mathew Dumba.
7:53 of 2nd period - Stopped by Petr Mrazek without a rebound.
7:54 of 2nd period - Ryan Nugent-Hopkins wins face-off versus Robby Fabbri in Canucks zone.
7:59 of 2nd period - Shot by Rasmus Ristolainen.
7:59 of 2nd period - Shot Blocked by Cody Ceci.
8:20 of 2nd period - Shot by Rasmus Ristolainen.
8:20 of 2nd period - Stopped by Petr Mrazek without a rebound.
8:21 of 2nd period - Marcus Kruger wins face-off versus Kyle Turris in Canucks zone.
8:21 of 2nd period - Marcus Kruger is hit by Nino Niederreiter.
8:37 of 2nd period - Shot by Ryan Murray.
8:37 of 2nd period - Deflect By Nino Niederreiter.
8:37 of 2nd period - Stopped by Petr Mrazek with a rebound.
9:03 of 2nd period - Off-side.
9:04 of 2nd period - Zach Hyman wins face-off versus Brayden Point in neutral zone.
9:34 of 2nd period - Shot by Ryan Strome.
9:34 of 2nd period - Shot Hit the Post.
9:59 of 2nd period - Icing by Jean-Gabriel Pageau.
10:00 of 2nd period - Jean-Gabriel Pageau wins face-off versus Evgeny Kuznetsov in Sabres zone.
11:12 of 2nd period - Icing by Cody Ceci.
11:13 of 2nd period - Ryan Nugent-Hopkins wins face-off versus Adam Henrique in Canucks zone.
11:19 of 2nd period - Off-side.
11:20 of 2nd period - Ryan Nugent-Hopkins wins face-off versus Marcus Kruger in neutral zone.
11:24 of 2nd period - Off-side.
11:25 of 2nd period - Marcus Kruger wins face-off versus Anders Lee in neutral zone.
11:57 of 2nd period - Shot by Josh Bailey.
11:57 of 2nd period - Stopped by Petr Mrazek without a rebound.
11:58 of 2nd period - Kyle Turris wins face-off versus Evgeny Kuznetsov in Canucks zone.
11:58 of 2nd period - Nino Niederreiter is hit by Mattias Ekholm and loses puck.
12:35 of 2nd period - Shot by Nino Niederreiter.
12:35 of 2nd period - Stopped by Petr Mrazek without a rebound.
12:35 of 2nd period - Minor Penalty to Mattias Ekholm for Tripping.
12:36 of 2nd period - Ryan Nugent-Hopkins wins face-off versus Evander Kane in Canucks zone.
12:51 of 2nd period - Shot by Ryan Nugent-Hopkins.
12:51 of 2nd period - Shot Blocked by Alex Pietrangelo.
12:53 of 2nd period - Shot by Josh Bailey.
12:53 of 2nd period - Stopped by Petr Mrazek without a rebound.
12:54 of 2nd period - Ryan Nugent-Hopkins wins face-off versus Adam Henrique in Canucks zone.
13:00 of 2nd period - Shot by Rasmus Ristolainen.
13:00 of 2nd period - Shot Blocked by Adam Henrique.
13:02 of 2nd period - Shot by Rasmus Ristolainen.
13:02 of 2nd period - Stopped by Petr Mrazek without a rebound.
13:03 of 2nd period - Adam Henrique wins face-off versus Kyle Turris in Canucks zone.
14:10 of 2nd period - Shot by Rasmus Ristolainen.
14:10 of 2nd period - Stopped by Petr Mrazek without a rebound.
14:11 of 2nd period - Marcus Kruger wins face-off versus Ryan Nugent-Hopkins in Canucks zone.
14:22 of 2nd period - Shot by Rasmus Ristolainen.
14:22 of 2nd period - Shot Misses the Net.
14:24 of 2nd period - Shot by Rasmus Ristolainen.
14:24 of 2nd period - Shot Misses the Net.
14:26 of 2nd period - Shot by Anders Lee.
14:26 of 2nd period - Goal by Anders Lee - Canucks : 3 - Sabres : 2.
14:27 of 2nd period - Brayden Point wins face-off versus Jean-Gabriel Pageau in neutral zone.
14:57 of 2nd period - Jean-Gabriel Pageau is hit by Erik Karlsson and loses puck.
16:11 of 2nd period - Shot by Brandon Saad.
16:11 of 2nd period - Stopped by Petr Mrazek with a rebound.
16:47 of 2nd period - Shot by Matt Duchene.
16:47 of 2nd period - Shot Misses the Net.
17:54 of 2nd period - Icing by Marcus Kruger.
17:55 of 2nd period - Jean-Gabriel Pageau wins face-off versus Marcus Kruger in Canucks zone.
17:56 of 2nd period - Shot by Patrick Eaves.
17:56 of 2nd period - Shot Misses the Net.
17:58 of 2nd period - Shot by Tyler Myers.
17:58 of 2nd period - Goal by Tyler Myers - Canucks : 3 - Sabres : 3.
17:59 of 2nd period - Jean-Gabriel Pageau wins face-off versus Evgeny Kuznetsov in neutral zone.
18:06 of 2nd period - Shot by Jean-Gabriel Pageau.
18:06 of 2nd period - Stopped by Petr Mrazek with a rebound.
18:14 of 2nd period - Shot by Patrick Eaves.
18:14 of 2nd period - Stopped by Petr Mrazek without a rebound.
18:15 of 2nd period - Marcus Kruger wins face-off versus Zach Hyman in Canucks zone.
18:15 of 2nd period - Marcus Kruger is hit by Zach Hyman.
18:30 of 2nd period - Icing by Alex Pietrangelo.
18:31 of 2nd period - Marcus Kruger wins face-off versus Ryan Nugent-Hopkins in Canucks zone.
18:43 of 2nd period - Ryan Nugent-Hopkins is hit by Alex Pietrangelo and loses puck.
19:23 of 2nd period - Shot by Evgeny Kuznetsov.
19:23 of 2nd period - Stopped by Michael Hutchinson without a rebound.
19:24 of 2nd period - Kyle Turris wins face-off versus Adam Henrique in Sabres zone.
19:34 of 2nd period - Kyle Turris is hit by Nathan Beaulieu and loses puck.
19:55 of 2nd period - Shot by Nino Niederreiter.
19:55 of 2nd period - Shot Misses the Net.
19:57 of 2nd period - Shot by Rasmus Ristolainen.
19:57 of 2nd period - Stopped by Petr Mrazek without a rebound.
19:58 of 2nd period - Evgeny Kuznetsov wins face-off versus Jean-Gabriel Pageau in Canucks zone.
19:58 of 2nd period - Evgeny Kuznetsov is hit by Jason Zucker.
Goals for this period are 0 for Canucks vs 2 for Sabres.
Shots for this period are 3 for Canucks vs 17 for Sabres.

3rd period


0:01 of 3rd period - Evgeny Kuznetsov wins face-off versus Brandon Saad in neutral zone.
0:01 of 3rd period - Evgeny Kuznetsov is hit by Nino Niederreiter.
0:12 of 3rd period - Rasmus Ristolainen is hit by Alex Pietrangelo and loses puck.
0:17 of 3rd period - Shot by Nino Niederreiter.
0:17 of 3rd period - Deflect By Kyle Turris.
0:17 of 3rd period - Shot Misses the Net.
0:19 of 3rd period - Shot by Nino Niederreiter.
0:19 of 3rd period - Stopped by Petr Mrazek without a rebound.
0:20 of 3rd period - Adam Henrique wins face-off versus Ryan Nugent-Hopkins in Canucks zone.
1:12 of 3rd period - Icing by Jake McCabe.
1:13 of 3rd period - Ryan Nugent-Hopkins wins face-off versus Evgeny Kuznetsov in Sabres zone.
2:20 of 3rd period - Jason Zucker is hit by Nathan Beaulieu and loses puck.
2:27 of 3rd period - Shot by Jason Zucker.
2:27 of 3rd period - Shot Misses the Net.
2:32 of 3rd period - Jason Zucker is hit by Michael Matheson and loses puck.
2:37 of 3rd period - Shot by Jason Zucker.
2:37 of 3rd period - Stopped by Petr Mrazek without a rebound.
2:38 of 3rd period - Adam Henrique wins face-off versus Markus Hannikainen in Canucks zone.
2:40 of 3rd period - Icing by Chris Kreider.
2:41 of 3rd period - Chris Kreider wins face-off versus Zach Hyman in Canucks zone.
3:02 of 3rd period - Shot by Markus Hannikainen.
3:02 of 3rd period - Shot Blocked by Cody Ceci.
3:36 of 3rd period - Icing by Brett Connolly.
3:37 of 3rd period - Evgeny Kuznetsov wins face-off versus Zach Hyman in Sabres zone.
3:40 of 3rd period - Shot by Evgeny Kuznetsov.
3:40 of 3rd period - Shot Misses the Net.
3:49 of 3rd period - Off-side.
3:50 of 3rd period - Kyle Turris wins face-off versus Brayden Point in neutral zone.
4:51 of 3rd period - Evander Kane is hit by Dan Girardi and loses puck.
5:19 of 3rd period - Shot by Evgeny Kuznetsov.
5:19 of 3rd period - Stopped by Michael Hutchinson without a rebound.
5:20 of 3rd period - Adam Henrique wins face-off versus Ryan Nugent-Hopkins in Sabres zone.
5:20 of 3rd period - Mattias Ekholm is hit by Mathew Dumba and loses puck.
5:54 of 3rd period - Josh Bailey is hit by Mattias Ekholm and loses puck.
6:10 of 3rd period - Icing by Mattias Ekholm.
6:11 of 3rd period - Jean-Gabriel Pageau wins face-off versus Adam Henrique in Canucks zone.
6:29 of 3rd period - Shot by Patrick Eaves.
6:29 of 3rd period - Deflect By Jean-Gabriel Pageau.
6:29 of 3rd period - Shot Misses the Net.
6:31 of 3rd period - Shot by Jean-Gabriel Pageau.
6:31 of 3rd period - Stopped by Petr Mrazek with a rebound.
6:33 of 3rd period - Shot by Jason Zucker.
6:33 of 3rd period - Shot Misses the Net.
6:35 of 3rd period - Shot by Jean-Gabriel Pageau.
6:35 of 3rd period - Deflect By Patrick Eaves.
6:35 of 3rd period - Shot Misses the Net.
6:54 of 3rd period - Icing by Mattias Ekholm.
6:55 of 3rd period - Adam Henrique wins face-off versus Zach Hyman in Canucks zone.
8:15 of 3rd period - Shot by Anders Lee.
8:15 of 3rd period - Stopped by Petr Mrazek without a rebound.
8:16 of 3rd period - Brayden Point wins face-off versus Kyle Turris in Canucks zone.
8:27 of 3rd period - Shot by Ryan Strome.
8:27 of 3rd period - Shot Misses the Net.
9:56 of 3rd period - Shot by Evander Kane.
9:56 of 3rd period - Shot Hit the Post.
10:17 of 3rd period - Icing by Rasmus Ristolainen.
10:18 of 3rd period - Adam Henrique wins face-off versus Ryan Nugent-Hopkins in Sabres zone.
11:04 of 3rd period - Icing by Michael Matheson.
11:05 of 3rd period - Jean-Gabriel Pageau wins face-off versus Adam Henrique in Canucks zone.
11:08 of 3rd period - Shot by Jean-Gabriel Pageau.
11:08 of 3rd period - Stopped by Petr Mrazek without a rebound.
11:09 of 3rd period - Jean-Gabriel Pageau wins face-off versus Evgeny Kuznetsov in Canucks zone.
13:22 of 3rd period - Minor Penalty to Cody Ceci for Hooking.
13:23 of 3rd period - Kyle Turris wins face-off versus Adam Henrique in Canucks zone.
13:42 of 3rd period - Shot by Adam Henrique.
13:42 of 3rd period - Shot Misses the Net.
14:15 of 3rd period - Shot by Josh Bailey.
14:15 of 3rd period - Deflect By Anders Lee.
14:15 of 3rd period - Shot Misses the Net.
14:17 of 3rd period - Shot by Tyler Myers.
14:17 of 3rd period - Stopped by Petr Mrazek without a rebound.
14:18 of 3rd period - Adam Henrique wins face-off versus Ryan Nugent-Hopkins in Canucks zone.
15:21 of 3rd period - Shot by Brandon Saad.
15:21 of 3rd period - Deflect By Kyle Turris.
15:21 of 3rd period - Shot Misses the Net.
15:23 of 3rd period - Shot by Jason Zucker.
15:23 of 3rd period - Goal by Jason Zucker - Canucks : 3 - Sabres : 4.
15:24 of 3rd period - Matt Duchene wins face-off versus Jean-Gabriel Pageau in neutral zone.
15:28 of 3rd period - Erik Karlsson is hit by Dan Girardi and loses puck.
15:35 of 3rd period - Shot by Jean-Gabriel Pageau.
15:35 of 3rd period - Shot Misses the Net.
15:37 of 3rd period - Shot by Jean-Gabriel Pageau.
15:37 of 3rd period - Shot Misses the Net.
16:37 of 3rd period - Icing by Mattias Ekholm.
16:38 of 3rd period - Ryan Nugent-Hopkins wins face-off versus Marcus Kruger in Canucks zone.
17:02 of 3rd period - Icing by Ryan Nugent-Hopkins.
17:03 of 3rd period - Adam Henrique wins face-off versus Ryan Nugent-Hopkins in Sabres zone.
17:40 of 3rd period - Rasmus Ristolainen is hit by Chris Kreider and loses puck.
18:09 of 3rd period - Shot by Brandon Saad.
18:09 of 3rd period - Goal by Brandon Saad - Canucks : 3 - Sabres : 5.
18:10 of 3rd period - Anthony Beauvillier wins face-off versus Jean-Gabriel Pageau in neutral zone.
18:17 of 3rd period - Minor Penalty to Mathew Dumba for Tripping.
18:18 of 3rd period - Evgeny Kuznetsov wins face-off versus Jean-Gabriel Pageau in Sabres zone.
18:18 of 3rd period - Erik Karlsson is hit by Jake McCabe and loses puck.
18:51 of 3rd period - Shot by Erik Karlsson.
18:51 of 3rd period - Shot Blocked by Zach Hyman.
18:53 of 3rd period - Shot by Alex Pietrangelo.
18:53 of 3rd period - Shot Blocked by Jake McCabe.
19:02 of 3rd period - Matt Duchene is hit by Jake McCabe.
19:26 of 3rd period - Shot by Jonathan Marchessault.
19:26 of 3rd period - Stopped by Michael Hutchinson without a rebound.
19:27 of 3rd period - Adam Henrique wins face-off versus Ryan Nugent-Hopkins in Sabres zone.
19:51 of 3rd period - Icing by Cody Ceci.
19:52 of 3rd period - Jean-Gabriel Pageau wins face-off versus Adam Henrique in Canucks zone.
Goals for this period are 0 for Canucks vs 2 for Sabres.
Shots for this period are 2 for Canucks vs 8 for Sabres.